 Dungeon Crawl Stone Soup version 0.31-a0-1101-g9ad1905e61 (webtiles) character file.

Game seed: 15221740510848854852

128 gruber the Shooter (level 4, -3/55 HPs)
             Began as a Minotaur Hunter on Dec 1, 2023.
             Killed from afar by an orc wizard (4 damage)
             ... with a puff of flame
             ... on level 3 of the Dungeon.
             The game lasted 00:02:53 (2125 turns).

gruber the Shooter (Minotaur Hunter)                Turns: 2125, Time: 00:02:53

Health: -3/55      AC:  3    Str: 15    XL:     4   Next: 86%
Magic:  3/3        EV: 12    Int: 12    God:
Gold:   168        SH:  0    Dex: 16    Spells: 3/3 levels left

rFire   . . .        a - +0 shortbow
rCold   . . .        (shield currently unavailable)
rNeg    . . .        c - +0 leather armour
rPois   .            (helmet unavailable)
rElec   .            n - +0 cloak
rCorr   .            (no gloves)
SInv    .            (no boots)
Will    .....        (no amulet) Stlth
                     d - +6 ring of intelligence
HPRegen 0.29/turn    (no ring)
MPRegen 0.08/turn

%: clarity
@: berserking, very quick
A: horns 3, retaliatory headbutt, clarity, deformed body, shaggy fur 1
a: no special abilities


You were on level 3 of the Dungeon.
You visited 1 branch of the dungeon, and saw 3 of its levels.

You collected 168 gold pieces.

Inventory:

Hand Weapons
 a - a +0 shortbow (weapon)
 o - a +3 dagger
Armour
 c - a +0 leather armour (worn)
 n - a +0 cloak (worn)
 q - a +1 hat
Jewellery
 d - a +6 ring of intelligence (left hand)
 h - an amulet of magic regeneration
Scrolls
 b - a scroll of butterflies
 f - a scroll of revelation {unknown}
 g - 6 scrolls of identify {unknown}
 i - a scroll of silence {unknown}
 l - a scroll of fear {unknown}
 m - a scroll of teleportation {unknown}
 p - a scroll of amnesia {unknown}
 r - a scroll of enchant armour {unknown}
 s - a scroll of immolation {unknown}
Potions
 j - a potion of mutation
 k - a potion of invisibility {unknown}
 t - a potion of attraction {unknown}


   Skills:
 - Level 2.4 Fighting
 + Level 6.9 Ranged Weapons
 - Level 2.1 Dodging
 - Level 0.7 Stealth


You had 3 spell levels left.
You didn't know any spells.
Your spell library was empty.

Dungeon Overview and Level Annotations

Branches:
Dungeon (3/15)

Altars:

Shops:
D:1 [?=[!


Innate Abilities, Weirdness & Mutations

You have a pair of large horns on your head.
You reflexively headbutt those who attack you in melee.
You possess an exceptional clarity of mind.
Armour fits poorly on your strangely shaped body.
You are covered in fur. (AC +1)


Message History

You hear some strange, mumbled words.
You are confused.
You closely miss something. Your headbutt misses something. Something hits you.
An orc priest comes into view. It is wielding a +0 trident.
Something hits you but does no damage.
You bump into the rock wall.
The orc priest shouts!
The orc priest calls down the wrath of Beogh upon you.
Beogh smites you!
* * * LOW HITPOINT WARNING * * *
You hear some strange, mumbled words.
Something tries to affect you, but you resist.
Unknown command.
It was a potion of mutation.
You feel extremely strange. The horns on your head grow some more.
Your +1 hat falls away!
Your thoughts seem clearer.
Your body twists and deforms.
Fur sprouts all over your body.
You hear some strange, mumbled words.
You feel momentarily confused.
It was a potion of berserk rage.
A red film seems to cover your vision as you go berserk!
You feel yourself moving faster!
You feel mighty!
You hear some strange, mumbled words.
A puff of flame appears from out of thin air!
The puff of flame hits you!
* * * LOW HITPOINT WARNING * * *
Unknown command.
Unknown command.
Unknown command.
You closely miss something. Something hits you but does no damage.
You closely miss something. Your headbutt misses something.
You hear some strange, mumbled words.
You feel momentarily confused.
You bump into the rock wall.
You feel less confused.
You hear some strange, mumbled words.
A puff of flame appears from out of thin air!
The puff of flame hits you.
You die...

#.# #.# #.# ######.# #.#
#.###### .......# #.#
#.#..... ######## #.#
#.#.#### ....... ...
####.#.#### ####### ##.
#.........# ######. )
#.##......# ....>..
....##########.##~.~~...
####...
....og{@.......##.~.~...
....#############.~~~~~~
. #.≈≈~≈~~ #.~~≈~~~
#..≈≈~.. #.~~≈≈._ #
...~≈≈♣.


You could see an orc priest and a hobgoblin.

Vanquished Creatures
  Terence (D:2)
  4 adders
  A worm (D:2)
  A dart slug (D:3)
  5 orcs (D:3)
  4 ball pythons (D:1)
  5 endoplasms (D:2)
  A giant cockroach (D:2)
  4 goblins
  5 hobgoblins
  5 jackals
  4 quokkas
  3 bats
  2 frilled lizards
  5 kobolds
  4 rats
54 creatures vanquished.

Notes
Turn   | Place    | Note
-------+----------+-------------------------------------------
     0 | D:1      | gruber the Minotaur Hunter began the quest for the Orb.
     0 | D:1      | Reached XP level 1. HP: 18/18 MP: 0/0
    43 | D:1      | Found Yphiboxo's Distillery.
   128 | D:1      | Found Qeforch's Antique Armour Shoppe.
   189 | D:1      | Reached XP level 2. HP: 25/25 MP: 1/1
   194 | D:1      | Reached skill level 5 in Ranged Weapons
   236 | D:1      | Found Jowohag's Armour Boutique.
   238 | D:1      | Found Juunuf's Magic Scroll Emporium.
   630 | D:1      | Found Piomoomp's Jewellery Shoppe.
   920 | D:2      | Reached XP level 3. HP: 15/30 MP: 2/2
  1376 | D:2      | Noticed Terence
  1377 | D:2      | Reached skill level 6 in Ranged Weapons
  1379 | D:2      | Killed Terence
  1380 | D:2      | Reached XP level 4. HP: 27/37 MP: 3/3
  2069 | D:3      | Found a faded altar of an unknown god.
  2121 | D:3      | Gained mutation: You have a pair of large horns on your
                  | head. [potion of mutation]
  2121 | D:3      | Gained mutation: You possess an exceptional clarity of
                  | mind. [potion of mutation]
  2121 | D:3      | Gained mutation: Armour fits poorly on your strangely
                  | shaped body. [potion of mutation]
  2121 | D:3      | Gained mutation: You are covered in fur. (AC +1) [potion of
                  | mutation]
  2122 | D:3      | HP: 1/55 [something/puff of flame (7)]
  2125 | D:3      | Killed from afar by an orc wizard

Illustrated notes

Levels and vault maps discovered:
D:1:      shiori_arrival_oz, layout_basic, serial_shops, shop, shop,
          nicolae_shop_window_shopping, shop, shop
D:2:      minmay_spotlight, layout_loops_corners, uniq_terence
D:3:      layout_loops_ring, chequers_ecumenical_altar_island,
          nicolae_concentric_dashed_squares_mild

Skill      XL: |  1  2  3 |
---------------+----------+-----
Ranged Weapons | 5 6 |  6.9
Fighting       | |  2.4
Dodging        | |  2.1
Stealth        | |  0.7

Action                     |  1- 3 |  4- 6 || total
---------------------------+-------+-------++-------
  Melee: Shortbow          |       |     3 ||     3
   Fire: Shortbow          |   115 |    55 ||   170
    Use: Potion            |       |     2 ||     2
 Armour: Leather armour    |    28 |    17 ||    45
  Dodge: Dodged            |    34 |     8 ||    42

Table legend: (Time is in decaauts)
 A = Elapsed time spent in this place.
 B = Non-inter-level travel time spent in this place.
 C = Inter-level travel time spent in this place.
 D = Time resting spent in this place.
 E = Time spent auto-exploring this place.
 F = Levels seen in this place.
 G = Mean time per level.
                   A        B        C        D        E       F      G
               +--------+--------+--------+--------+--------+-----+--------+
         Total |   2150 |   2037 |    113 |      0 |   1725 |   3 |  716.7 |
       Dungeon |   2150 |   2037 |    113 |      0 |   1725 |   3 |  716.7 |
               +--------+--------+--------+--------+--------+-----+--------+

Top non-repeatable levels by time:
     D:2: 1128 daAuts
     D:1: 769 daAuts
     D:3: 253 daAuts
